 Dungeon Crawl Stone Soup version 0.29-a0-231-g945431f764 (webtiles) character file.

Game seed: 12482541998099750804

37 testman the Vexing (level 3, -4/27 HPs)
             Began as a Barachi Arcane Marksman on Feb 28, 2022.
             Slain by Terence
             ... wielding a +0 trident
              (7 damage)
             ... on level 2 of the Dungeon.
             The game lasted 00:03:21 (979 turns).

testman the Vexing (Barachi Arcane Marksman)         Turns: 979, Time: 00:03:22

Health: -4/27      AC:  2    Str: 11    XL:     3   Next: 41%
Magic:  5/5        EV: 12    Int: 13    God:
Gold:   48         SH:  0    Dex: 14    Spells: 4/5 levels left

rFire   . . .      SeeInvis .   a - +0 shortbow
rCold   . . .      Faith    .   (shield currently unavailable)
rNeg    . . .      Spirit   .   b - +0 robe
rPois   .          Reflect  .   (no helmet)
rElec   .          Harm     .   (no cloak)
rCorr   .          Rampage  .   (no gloves)
Will    .....                   (no boots)
Stlth   +.........              e - amulet of the acrobat
HPRegen 0.09/turn               (no ring)
MPRegen 0.09/turn               (no ring)

@: unable to hop, slow
A: amphibious, slowness 1, strong legs 1, +LOS
a: Hop


You were on level 2 of the Dungeon.
You visited 1 branch of the dungeon, and saw 2 of its levels.

You collected 48 gold pieces.

Inventory:

Hand Weapons
 a - a +0 shortbow (weapon)
Armour
 b - a +0 robe (worn)
Jewellery
 e - an amulet of the acrobat (around neck)
Scrolls
 c - a scroll of noise {unknown}
 d - 2 scrolls of identify {unknown}


   Skills:
 + Level 2.2 Fighting
 + Level 2.4 Bows
 - Level 2.1 Dodging
 + Level 1.8 Spellcasting
 + Level 3.7 Hexes


You had 4 spell levels left.
You knew the following spells:

 Your Spells              Type           Power      Damage    Failure   Level
a - Slow                  Hex            40%        N/A       5%          1

Your spell library contained the following spells:

 Spells                   Type           Power      Damage    Failure   Level
 Inner Flame              Hex/Fire       6%         N/A       36%         3
 Portal Projectile        Hex/Tloc       12%        N/A       36%         3
 Cause Fear               Hex            5%         N/A       50%         4


Dungeon Overview and Level Annotations

Branches:
Dungeon (2/15)

Altars:

Annotations:
D:2 Terence


Innate Abilities, Weirdness & Mutations

You are amphibious.
You cover ground slowly.
You can hop short distances.
You have an extended range of vision and can be seen from far away.


Message History

Boing!
Shoot: a) +0 shortbow
Press: ? - help, Shift-Dir - straight line, f - Terence
Aim: Terence, wielding a +0 trident and wearing a +0 scale mail (heavily wounded, slow, 64% to hit)
You shoot an arrow. The arrow hits Terence.
Terence is severely wounded.
Shoot: a) +0 shortbow
Press: ? - help, Shift-Dir - straight line, f/p - Terence
Aim: Terence, wielding a +0 trident and wearing a +0 scale mail (severely wounded, slow, 64% to hit)
You shoot an arrow.
The arrow hits Terence but does no damage.
Terence is severely wounded.
Terence hits you from afar with a +0 trident.
* * * LOW HITPOINT WARNING * * *
Shoot: a) +0 shortbow
Press: ? - help, Shift-Dir - straight line, f/p - Terence
Aim: Terence, wielding a +0 trident and wearing a +0 scale mail (severely wounded, slow, 64% to hit)
You shoot an arrow. The arrow closely misses Terence.
Terence is no longer moving slowly.
Terence barely misses you.
Shoot: a) +0 shortbow
Press: ? - help, Shift-Dir - straight line, f/p - Terence
Aim: Terence, wielding a +0 trident and wearing a +0 scale mail (severely wounded, 64% to hit)
You shoot an arrow.
The arrow hits Terence but does no damage.
Terence is severely wounded.
Terence closely misses you.
Shoot: a) +0 shortbow
Press: ? - help, Shift-Dir - straight line, f/p - Terence
Aim: Terence, wielding a +0 trident and wearing a +0 scale mail (severely wounded, 64% to hit)
You shoot an arrow.
The arrow hits Terence but does no damage.
Terence is severely wounded.
Terence closely misses you.
Shoot: a) +0 shortbow
Press: ? - help, Shift-Dir - straight line, f/p - Terence
Aim: Terence, wielding a +0 trident and wearing a +0 scale mail (severely wounded, 64% to hit)
You shoot an arrow. The arrow barely misses Terence.
Terence barely misses you.
Terence hits you from afar with a +0 trident!
You die...

... ... #.#
#.# #.# ####@#
##.##.#
####...#.#####
+.<..@.@.....#
####...#.#####
#......#
#.###### #. #.
#( #. ..


You could see Terence.

Vanquished Creatures
  7 ball pythons (D:1)
  3 endoplasms
  A giant cockroach (D:1)
  A goblin (D:1)
  2 hobgoblins (D:1)
  3 jackals (D:1)
  4 kobolds (D:1)
  2 quokkas (D:1)
  6 bats (D:1)
  A frilled lizard (D:1)
  4 rats (D:1)
34 creatures vanquished.

Notes
Turn   | Place    | Note
-------+----------+-------------------------------------------
     0 | D:1      | testman the Barachi Arcane Marksman began the quest for the
                  | Orb.
     0 | D:1      | Reached XP level 1. HP: 15/15 MP: 2/2
   152 | D:1      | Reached XP level 2. HP: 21/21 MP: 4/4
   217 | D:1      | Found a faded altar of an unknown god.
   613 | D:1      | Reached XP level 3. HP: 27/27 MP: 5/5
   963 | D:2      | Noticed Terence
   979 | D:2      | Slain by Terence

Illustrated notes

Levels and vault maps discovered:
D:1:      ncdulo_wetmaze, layout_basic, hellmonk_ecumenical_altar_heavens_door
D:2:      layout_loops_corners, basic_altar, uniq_natasha,
          uniq_crazy_yiuf_cottage, uniq_terence

Skill      XL: |  1  2 |
---------------+-------+-----
Fighting       | 2 |  2.2
Bows           | |  2.4
Dodging        | |  2.1
Spellcasting   | |  1.8
Hexes          | |  3.7

Action                   || total
-------------------------++-------
 Fire: Shortbow          ||    97
 Cast: Slow              ||     1
 Abil: Hop               ||     1
Armor: Robe              ||    21
Dodge: Dodged            ||    37

Table legend: (Time is in decaauts)
 A = Elapsed time spent in this place.
 B = Non-inter-level travel time spent in this place.
 C = Inter-level travel time spent in this place.
 D = Time resting spent in this place.
 E = Time spent auto-exploring this place.
 F = Levels seen in this place.
 G = Mean time per level.
                   A        B        C        D        E       F      G
               +--------+--------+--------+--------+--------+-----+--------+
         Total |   1123 |   1097 |     26 |    173 |    738 |   2 |  561.5 |
       Dungeon |   1123 |   1097 |     26 |    173 |    738 |   2 |  561.5 |
               +--------+--------+--------+--------+--------+-----+--------+

Top non-repeatable levels by time:
     D:1: 1094 daAuts
     D:2: 28 daAuts
